 Dungeon Crawl Stone Soup version 0.27-a0-797-g27d10ad80f (webtiles) character file.

Game seed: 2966201977634316101

53 wakim the Chiller (level 3, -2/24 HPs)
             Began as a Merfolk Ice Elementalist on Mar 27, 2021.
             Slain by a water moccasin skeleton (6 damage)
             ... on level 2 of the Dungeon.
             The game lasted 00:05:25 (2675 turns).

wakim the Chiller (Merfolk Ice Elementalist)        Turns: 2675, Time: 00:05:26

Health: -2/24      AC:  2    Str:  9    XL:     3   Next: 89%
Magic:  4/6        EV: 12    Int: 14    God:
Gold:   126        SH:  0    Dex: 14    Spells: 2/6 levels left

rFire    . . .     SeeInvis .   e - +0 dagger
rCold    . . .     Faith    .   (no shield)
rNeg     . . .     Spirit   .   a - +0 robe
rPois    .         Reflect  .   g - +0 hat
rElec    .         Harm     .   (no cloak)
rCorr    .         Rampage  .   (no gloves)
Will     .....                  (no boots)
Stlth    ++........             (no amulet)
HPRegen  0.08/turn              (no ring)
MPRegen  0.10/turn              (no ring)

@: no status effects
A: (nimble swimmer 2), mertail
a: no special abilities


You were on level 2 of the Dungeon.
You visited 1 branch of the dungeon, and saw 2 of its levels.

You collected 126 gold pieces.

Inventory:

Hand Weapons
 b - a +0 arbalest
 e - a +0 dagger (weapon)
Missiles
 c - 8 boomerangs
Armour
 a - a +0 robe (worn)
 g - a +0 hat (worn)
Scrolls
 h - a scroll of identify {unknown}
Potions
 d - a potion of might {unknown}
 f - 2 potions of heal wounds {unknown}


   Skills:
 - Level 2.6 Dodging
 - Level 2.1 Stealth
 + Level 2.2 Spellcasting
 * Level 5.7 Ice Magic


You had 2 spell levels left.
You knew the following spells:

 Your Spells              Type           Power      Damage    Failure   Level
a - Freeze                Ice            68%        1d8       2%          1
c - Frozen Ramparts       Ice            34%        1d5       6%          3

Your spell library contained the following spells:

 Spells                   Type           Power      Damage    Failure   Level
 Magic Dart               Conj           4%         1d3       24%         1
 Blink                    Tloc           N/A        N/A       34%         2
 Call Imp                 Summ           1%         N/A       34%         2
 Slow                     Hex            1%         N/A       34%         2
 Ozocubu's Armour         Ice            17%        N/A       6%          3
 Conjure Flame            Conj/Fire      1%         6-21      56%         3
 Mephitic Cloud           Conj/Pois/Air  1%         N/A       56%         3
 Hailstorm                Conj/Ice       9%         3d4       56%         4
 Summon Ice Beast         Ice/Summ       9%         N/A       56%         4


Dungeon Overview and Level Annotations

Branches:
Dungeon (2/15)

Altars:

Annotations:
D:1 dig
D:2 Sigmund


Innate Abilities, Weirdness & Mutations

((You are quick and stealthy while swimming. (Stealth+, EV+, Speed+++)))
Your lower body shifts to a powerful aquatic tail in water.


Message History

Really attack while wielding your +0 arbalest? [Y]es or [N]o only, please.
Really attack while wielding your +0 arbalest?
Okay, then.
e - a +0 dagger (weapon)
The water moccasin skeleton completely resists.
The water moccasin skeleton bites you.
You hit the water moccasin skeleton.
The water moccasin skeleton is lightly damaged.
The water moccasin skeleton completely resists.
The water moccasin skeleton bites you.
You hit the water moccasin skeleton.
The water moccasin skeleton is lightly damaged.
The water moccasin skeleton completely resists.
You hit the water moccasin skeleton.
The water moccasin skeleton is lightly damaged.
The water moccasin skeleton completely resists.
The water moccasin skeleton bites you.
The water moccasin skeleton completely resists.
You hit the water moccasin skeleton.
The water moccasin skeleton is moderately damaged.
The water moccasin skeleton completely resists.
You closely miss the water moccasin skeleton.
The water moccasin skeleton is moderately damaged.
The water moccasin skeleton completely resists.
You hit the water moccasin skeleton.
The water moccasin skeleton is moderately damaged.
The water moccasin skeleton completely resists.
The water moccasin skeleton bites you.
* * * LOW HITPOINT WARNING * * *
You closely miss the water moccasin skeleton.
The water moccasin skeleton is moderately damaged.
The frozen ramparts melt away.
The water moccasin skeleton bites you.
* * * LOW HITPOINT WARNING * * *
You hit the water moccasin skeleton but do no damage.
The water moccasin skeleton is moderately damaged.
You completely miss the water moccasin skeleton.
The water moccasin skeleton is moderately damaged.
The water moccasin skeleton bites you.
You die...

..#
#.#.##.###.#
#.#
#...#....#.# #
#########.#.#
#....Z......#
#.#######.###
#Z#.....#.#
#.#....<..#
#.#############
#.......Z@....#
#############.#
#.# #.# #.# #Z#
#.# #.# #.#


You could see a water moccasin skeleton.

Vanquished Creatures
  An adder (D:2)
  A worm (D:2)
  2 dart slugs
  3 bats
  2 endoplasms
  3 giant cockroaches (D:1)
  A goblin (D:1)
  5 hobgoblins
  2 quokkas
  A frilled lizard (D:1)
  9 kobolds
  7 rats
37 creatures vanquished.

Notes
Turn   | Place    | Note
-------+----------+-------------------------------------------
     0 | D:1      | wakim the Merfolk Ice Elementalist began the quest for the
                  | Orb.
     0 | D:1      | Reached XP level 1. HP: 13/13 MP: 3/3
   283 | D:1      | Reached XP level 2. HP: 17/19 MP: 1/5
   398 | D:1      | Reached skill level 5 in Ice Magic
   949 | D:1      | Reached XP level 3. HP: 21/24 MP: 3/6
   953 | D:1      | Learned a level 3 spell: Frozen Ramparts
  1827 | D:2      | Noticed Sigmund
  2675 | D:2      | Slain by a water moccasin skeleton

Illustrated notes

Levels and vault maps discovered:
D:1:      erik_arrival_cave_to_civilisation [erik_arrival_cave_to_temple],
          layout_basic, minivault_24, hangedman_feature_mirror
D:2:      layout_basic, minitemple, solitary_fountain, interstate_on_off,
          uniq_sigmund

Skill      XL: |  1  2 |
---------------+-------+-----
Ice Magic      | 5 |  5.7
Dodging        | |  2.6
Stealth        | |  2.1
Spellcasting   | |  2.2

Action                   || total
-------------------------++-------
Melee: Dagger            ||    41
 Cast: Freeze            ||    35
       Frozen Ramparts   ||     9
  Use: Scroll            ||     1
 Stab: Sleeping          ||     8
Armor: Robe              ||     8
Dodge: Dodged            ||    39

Table legend: (Time is in decaauts)
 A = Elapsed time spent in this place.
 B = Non-inter-level travel time spent in this place.
 C = Inter-level travel time spent in this place.
 D = Time resting spent in this place.
 E = Time spent auto-exploring this place.
 F = Levels seen in this place.
 G = Mean time per level.
                   A        B        C        D        E       F      G
               +--------+--------+--------+--------+--------+-----+--------+
         Total |   2671 |   2620 |     51 |      0 |   2266 |   2 | 1335.5 |
       Dungeon |   2671 |   2620 |     51 |      0 |   2266 |   2 | 1335.5 |
               +--------+--------+--------+--------+--------+-----+--------+

Top non-repeatable levels by time:
     D:1: 1482 daAuts
     D:2: 1188 daAuts
